 Dungeon Crawl Stone Soup version 0.26.1-11-gd32895ea62 (webtiles) character file.

Game seed: 17075184357325219114

4822 Zeld the Spear-Bearer (level 10, -11/72 HPs)
             Began as a Merfolk Monk on May 25, 2021.
             Was a Priest of Hepliaklqana.
             Mangled by a daeva
             ... wielding a +5 long sword of holy wrath
              (13 damage)
             ... on level 1 of the Abyss.
             The game lasted 00:21:19 (15479 turns).

Zeld the Spear-Bearer (Merfolk Monk)               Turns: 15479, Time: 00:21:19

Health: -11/72     AC:  4    Str: 14    XL:     10   Next: 48%
Magic:  10/10      EV: 16    Int: 10    God:    Hepliaklqana [***...]
Gold:   619        SH:  7    Dex: 17    Spells: 9/9 levels left

rFire    . . .     SeeInvis .   a - +3 spear
rCold    . . .     Faith    .   r - +0 kite shield
rNeg     . . .     Spirit   .   b - +0 robe
rPois    .         Reflect  .   B - +0 helmet
rElec    .         Harm     .   (no cloak)
rCorr    .         Rampage  .   d - +0 pair of gloves
Will     .....                  (no boots)
Stlth    +.........             (no amulet)
HPRegen  0.22/turn              (no ring)
MPRegen  0.12/turn              (no ring)

@: about to teleport, glowing
A: change form in water, swift swim, stealthy swim, reduced essence
a: Renounce Religion, Recall Ancestor, Ancestor Identity, Transference


You were on level 1 of the Abyss.
You worshipped Hepliaklqana.
Hepliaklqana was most pleased with you.
You visited 2 branches of the dungeon, and saw 10 of its levels.
You visited the Abyss 1 time.
You also visited: Ossuary.

You collected 619 gold pieces.

Inventory:

Hand Weapons
 a - a +3 spear (weapon)
Missiles
 f - 18 poisoned darts (quivered)
 h - 7 curare-tipped darts
Armour
 b - a +0 robe (worn)
 d - a +0 pair of gloves (worn)
 r - a +0 kite shield (worn)
 B - a +0 helmet (worn)
Jewellery
 c - an uncursed ring of protection from cold
Wands
 e - a wand of flame (26)
 q - a wand of paralysis (8)
Scrolls
 j - 6 scrolls of teleportation
 m - 2 scrolls of identify
 p - 2 scrolls of amnesia
 s - 2 scrolls of magic mapping
 t - 3 scrolls of fear
 w - 2 scrolls of remove curse
 y - a scroll of enchant armour
Potions
 g - a potion of berserk rage
 i - 8 potions of haste
 k - 3 potions of mutation {unknown}
 l - a potion of degeneration {unknown}
 n - 2 potions of flight {unknown}
 o - 4 potions of curing
 u - a potion of brilliance {unknown}
 x - a potion of heal wounds
 A - a potion of magic {unknown}
 C - 2 potions of invisibility


   Skills:
 * Level 7.8 Fighting
 - Level 12.0 Polearms
 - Level 6.0 Throwing
 * Level 9.4 Dodging
 - Level 2.1 Stealth
 * Level 6.4 Evocations


You had 9 spell levels left.
You didn't know any spells.
Your spell library was empty.

Dungeon Overview and Level Annotations

Branches:
Dungeon (9/15)             Temple (1/1) D:5         Ossuary (visited)
   Lair: D:8-11         Orc: D:9-12

Altars:
Ashenzari
Dithmenos
Elyvilon
Fedhas
Gozag
Hepliaklqana
Kikubaaqudgha
Makhleb
Nemelex Xobeh
Okawaru
Qazlal
Ru
Sif Muna
Trog
Uskayaw
Vehumet
Wu Jian
Xom
Yredelemnul
Zin
The Shining One

Shops:
D:6 :

Portals:
Abyss: D:8

Annotations:
D:8 2 transporters, Zeld's ghost, novice OpBr


Message History

Zeld hits the small abomination with a +0 dagger of draining!
The small abomination is destroyed!
The daeva barely misses Zeld.
The daeva hits Zeld with a +5 long sword of holy wrath.
Zeld hits the daeva but does no damage.
The daeva calls down the wrath of the Shining One upon you.
The Shining One smites you!
* * * LOW HITPOINT WARNING * * *
Zeld casts a spell at the daeva.
The daeva resists with almost no effort.
Zeld barely misses the daeva.
The daeva hits Zeld with a +5 long sword of holy wrath! x2
The daeva blocks Zeld's attack.
The daeva hits Zeld with a +5 long sword of holy wrath!!
Zeld is destroyed!
The daeva calls down the wrath of the Shining One upon you.
The Shining One smites you!
* * * LOW HITPOINT WARNING * * *
The daeva hits you with a +5 long sword of holy wrath!
You die...

# . ##... #..
#....≈# .
#...#.# .
.#A...≈ ...## #
.##..x. ..#
###...##.#.. ...
# .##..§..#
##..## #....#..#
..####.....#...#
#.A.#.. .#. .
.##@.#.##.#
...####.# .. #
.# . ### .. . .
.## #


You could see a daeva.

Vanquished Creatures
  Psyche (D:8)
  The ghost of Cheops the Cleaver, a novice HOMo (D:5)
  Eustachio (D:8)
  A vampire (D:9)
  Menkaure (D:4)
  An orc warrior (D:8)
  An ogre (D:6)
  2 phantoms
  4 bullfrogs
  A water moccasin zombie (D:5)
  Dowan (D:6)
  A scorpion (D:8)
  2 killer bees (D:8)
  3 wights (D:8)
  3 howler monkeys
  A centaur zombie (D:6)
  A bullfrog zombie (D:6)
  A centaur skeleton (D:5)
  3 hounds
  An orc priest (D:8)
  A human zombie (Ossuary)
  A jelly (Abyss:1)
  Ijyb (D:5)
  An iguana (D:4)
  4 orc wizards
  5 worker ants
  4 mummies (Ossuary)
  2 worker ant zombies
  3 adders
  2 gnolls (D:5)
  A shadow imp (D:6)
  2 white imps
  An adder zombie (Ossuary)
  An adder skeleton (D:4)
  5 worms
  A dart slug (D:1)
  5 leopard geckos
  27 orcs
  A ball python (D:2)
  10 bats
  3 giant cockroaches
  2 gnoll zombies (Ossuary)
  10 hobgoblins
  12 jackals
  3 quokkas
  2 frilled lizards (D:4)
  A giant cockroach zombie (D:5)
  10 goblins
  A hobgoblin zombie (Ossuary)
  A jackal zombie (Ossuary)
  18 kobolds
  A kobold zombie (Ossuary)
  A leopard gecko skeleton (D:4)
  3 orc zombies (Ossuary)
  8 rats
  2 rat zombies (Ossuary)
187 creatures vanquished.

Vanquished Creatures (collateral kills)
  Erica (D:8)
  Joseph (D:7)
  A small abomination (Abyss:1)
  Duvessa (D:6)
  2 ogres
  A centaur (D:6)
  A bullfrog (D:6)
  4 killer bees (D:8)
  An orc wizard (D:7)
  An iguana (D:8)
  2 adders
  2 shadow imps
  A white imp (D:8)
  A leopard gecko (D:9)
  5 orcs
  A goblin (D:5)
  2 hobgoblins (D:5)
28 creatures vanquished.

Vanquished Creatures (others)
  6 hexers
  A plant (D:5)
7 creatures vanquished.

Grand Total: 222 creatures vanquished

Notes
Turn   | Place    | Note
-------+----------+-------------------------------------------
     0 | D:1      | Zeld the Merfolk Monk began the quest for the Orb.
     0 | D:1      | Reached XP level 1. HP: 18/18 MP: 1/1
   158 | D:1      | Reached skill level 5 in Polearms
   343 | D:1      | Reached XP level 2. HP: 24/24 MP: 2/2
   957 | D:2      | Reached skill level 6 in Polearms
   957 | D:2      | Reached XP level 3. HP: 29/29 MP: 3/3
  2326 | D:3      | Reached XP level 4. HP: 28/35 MP: 4/4
  2329 | D:3      | Reached skill level 7 in Polearms
  3613 | D:4      | Found a sand-covered staircase.
  3624 | Ossuary  | Entered an ossuary
  3658 | Ossuary  | Reached skill level 8 in Polearms
  3658 | Ossuary  | Reached XP level 5. HP: 20/41 MP: 5/5
  4232 | Ossuary  | Reached skill level 9 in Polearms
  4740 | D:4      | Noticed Menkaure
  5118 | D:4      | Found an ornate altar of the Wu Jian Council.
  5161 | D:4      | Killed Menkaure
  5162 | D:4      | Reached skill level 10 in Polearms
  5162 | D:4      | Reached XP level 6. HP: 41/47 MP: 6/6
  5638 | D:5      | Entered Level 5 of the Dungeon
  5689 | D:5      | Reached skill level 11 in Polearms
  5689 | D:5      | Reached XP level 7. HP: 19/52 MP: 7/7
  5723 | D:5      | Noticed Ijyb
  5744 | D:5      | Killed Ijyb
  5931 | D:5      | Found a staircase to the Ecumenical Temple.
  5948 | Temple   | Entered the Ecumenical Temple
  5955 | Temple   | Became a worshipper of Hepliaklqana the Forgotten
  5955 | Temple   | Reached * piety under Hepliaklqana
  5955 | Temple   | Reached ** piety under Hepliaklqana
  5956 | Temple   | Remembered your ancestor Zeld as a hexer
  7485 | D:5      | Found a runed translucent door.
  7486 | D:5      | Noticed Cheops's ghost (novice HOMo)
  8142 | D:5      | Killed Cheops's ghost
  8143 | D:5      | Reached skill level 12 in Polearms
  8143 | D:5      | Reached skill level 5 in Dodging
  8143 | D:5      | Reached XP level 8. HP: 54/54 MP: 8/8
  8215 | D:5      | Found a staircase to the Ecumenical Temple.
  8759 | D:6      | Found Naot's Book Boutique.
  8933 | D:6      | Reached skill level 1 in Throwing
  9507 | D:7      | Reached XP level 9. HP: 45/60 MP: 9/9
  9530 | D:7      | Reached skill level 5 in Throwing
 10145 | D:7      | Reached *** piety under Hepliaklqana
 10155 | D:7      | Noticed Joseph
 10185 | D:7      | Killed Joseph
 10186 | D:7      | Reached skill level 5 in Fighting
 10381 | D:7      | Noticed Dowan
 10382 | D:7      | Noticed Duvessa
 11310 | D:6      | Killed Duvessa
 11322 | D:6      | Killed Dowan
 12071 | D:8      | Noticed Eustachio
 12102 | D:8      | Killed Eustachio
 12103 | D:8      | Reached skill level 5 in Evocations
 12154 | D:8      | Reached XP level 10. HP: 50/69 MP: 10/10
 12367 | D:8      | Found a transporter.
 12614 | D:8      | Found a one-way gate to the infinite horrors of the Abyss.
 12614 | D:8      | Noticed Zeld's ghost (novice OpBr)
 12655 | D:8      | Found a transporter.
 12693 | D:8      | Noticed Psyche
 12968 | D:8      | Killed Psyche
 13179 | D:8      | Noticed Erica
 13661 | D:8      | Killed Erica
 14717 | D:9      | HP: 3/72 [orc/+2 trident of distortion (3)]
 15352 | D:9      | Cast into level 1 of the Abyss (orc)
 15456 | Abyss:1  | Noticed a daeva
 15477 | Abyss:1  | HP: 1/72 [daeva/divine providence (13)]
 15479 | Abyss:1  | Mangled by a daeva

Illustrated notes

Levels and vault maps discovered:
D:1:      minmay_arrival_jagged, layout_loops_ring
D:2:      layout_loops_cross, serial_glass, glass_columns_c, glass_columns_a
D:3:      layout_loops_ring
D:4:      layout_rooms, pdpol_wu_jian_five_deadly_venoms, enter_ossuary_1,
          minivault_1, uniq_menkaure
D:5:      corexii_shantytown, layout_cave_pools, minmay_temple_entry_junction,
          ebering_ghost_reflecting_pool, uniq_ijyb
D:6:      layout_rooms, serial_shops, nicolae_shop_trees
D:7:      layout_basic, uniq_joseph, uniq_duvessa
D:8:      layout_gridville, gammafunk_ghost_abyssal_escape, sword_in_stone,
          uniq_erica, uniq_psyche
D:9:      layout_irregular_city, lemuel_doored_altar, serial_shops, shop
Temple:   regret_index_temple_chain_breaker
Abyss:1:  base:
D:8

Skill      XL: |  1  2  3  4  5  6  7  8  9 10 |
---------------+-------------------------------+-----
Polearms       | 5 6 8 10 11 12 | 12.0
Fighting       | 4 6 7 |  7.8
Dodging        | 5 6 8 9 |  9.4
Evocations     | 2 3 5 6 |  6.4
Throwing       | 4 6 |  6.0
Stealth        | |  2.1

Action                   |  1- 3 |  4- 6 |  7- 9 | 10-12 || total
-------------------------+-------+-------+-------+-------++-------
Melee: Spear             |   148 |   391 |   619 |   119 ||  1277
Throw: Dart              |       |       |     4 |     6 ||    10
Invok: Ancestor Life: He |       |       |     1 |       ||     1
       Ancestor Identity |       |       |     1 |       ||     1
       Transference      |       |       |     1 |       ||     1
       Recall Ancestor   |       |       |       |     1 ||     1
Evoke: Wand              |       |       |     9 |     1 ||    10
  Use: Scroll            |     5 |     3 |    11 |     5 ||    24
       Potion            |       |     4 |     2 |       ||     6
 Stab: Sleeping          |    11 |     4 |    13 |     1 ||    29
       Paralysed         |       |       |     8 |     3 ||    11
       Distracted        |       |       |     8 |     3 ||    11
       Confused          |       |       |     6 |     2 ||     8
Armor: Robe              |     8 |    22 |    27 |     3 ||    60
Dodge: Dodged            |    57 |   168 |   183 |    43 ||   451
Block: Kite shield       |       |       |       |    14 ||    14
